cohdb
Replays
Latest Replays
All Replays
Popular Replays
Top Player Replays
Match Explorer
How It Works
Community
CoH3 Stats
Reddit
Sign in to upload your games and track your stats! →
Sign in with Steam
Match 42692796
Unlisted
Match 42692796
Overview
Messages
Build Orders
End
Panzergrenadier Squad
250 Light Carrier
Panzergrenadier Squad
Construct Light Support Kompanie
Panzerjäger Squad
Construct Mechanized Kompanie
Support Armor Elements
Selects Armored Support Battlegroup
Selects Superior Fire Drills
Veteran Squad Leaders
Panzerjäger Mechanized Group
StuG III D Assault Gun
StuG III D Assault Gun
Vehicle Survival Package
Selects Flammpanzer III Medium Tank
Construct Panzerarmee Kommand
Emergency Repair Kits
Selects Command Panzer IV F Medium Tank
Panzer III L Medium Tank
Command Panzer IV F Medium Tank
Tungsten Core Ammunition
Advanced Field Repairs
Panzer III L Medium Tank
Selects Vehicle Awareness
Vehicle Awareness
Selects Panzer Storm
Panzer Storm
Rapid Advance
Panzer III L Medium Tank
Selects Stuka Anti-tank Loiter
Panzer Storm
Panzer III L Medium Tank
Stuka Anti-tank Loiter
Command Panzer IV F Medium Tank
oldeenglishdry
Fire Fang
고양이귀 에스텔
蛤,你说蛤?
dan legend
NinjaAssassin
Fradum
boboCATs
0
0
Comments
sign in to comment!
No comments posted yet!